 Dungeon Crawl Stone Soup version 0.29.0-13-gc9e81de378 (webtiles) character file.

Game seed: 17932105171972786139

4190 mtoz the Cleaver (level 10, 88/88 HPs)
             Began as a Minotaur Berserker on Sept 7, 2022.
             Was a Priest of Trog.
             Quit the game on level 7 of the Dungeon.
             The game lasted 00:24:27 (6782 turns).

mtoz the Cleaver (Minotaur Berserker)               Turns: 6782, Time: 00:24:28

Health: 88/88      AC: 22    Str: 25    XL:     10   Next: 8%
Magic:  9/9        EV:  9    Int:  4    God:    Trog [***...]
Gold:   430        SH:  0    Dex: 11    Spells: 9/9 levels left

rFire   . . .      SeeInvis .   y - +0 war axe
rCold   . . .      Faith    .   (no shield)
rNeg    . . .      Spirit   +   b - +0 plate armour
rPois   .          Reflect  .   i - +2 hat
rElec   .          Harm     .   (no cloak)
rCorr   .          Rampage  .   s - +2 pair of gloves
Will    .....                   q - +2 pair of boots
Stlth   ..........              m - amulet of guardian spirit
HPRegen 0.24/turn               (no ring)
MPRegen 0.11/turn               (no ring)

@: no status effects
A: horns 2, retaliatory headbutt
a: Renounce Religion, Berserk, Trog's Hand


You were on level 7 of the Dungeon.
You worshipped Trog.
Trog was most pleased with you.
You visited 1 branch of the dungeon, and saw 7 of its levels.
You also visited: Sewer.

You collected 430 gold pieces.

Inventory:

Hand Weapons
 a - a +0 hand axe
 f - a +0 spear
 j - a +1 halberd of protection
 t - a +3 vampiric spear
 y - a +0 war axe (weapon)
Missiles
 d - 2 poisoned darts
 u - a throwing net
 z - 11 curare-tipped darts (quivered)
 B - 14 stones
 D - 2 boomerangs
Armour
 b - a +0 plate armour (worn)
 i - a +2 hat (worn)
 q - a +2 pair of boots (worn)
 s - a +2 pair of gloves (worn)
Jewellery
 m - an amulet of guardian spirit (around neck)
Wands
 A - a wand of iceblast (7)
Scrolls
 c - 2 scrolls of butterflies
 g - 2 scrolls of blinking
 n - a scroll of teleportation
 v - a scroll of vulnerability
Potions
 e - a potion of resistance
 h - 2 potions of mutation
 k - a potion of curing
 l - 3 potions of flight
 o - 2 potions of lignification
 p - a potion of magic
 r - 3 potions of berserk rage
 w - 2 potions of haste
 x - 2 potions of invisibility


   Skills:
 + Level 8.1 Fighting
 * Level 10.7 Axes
 + Level 5.4 Throwing
 + Level 7.8 Armour
 + Level 7.0 Dodging


You had 9 spell levels left.
You didn't know any spells.
Your spell library was empty.

Dungeon Overview and Level Annotations

Branches:
Dungeon (7/15)             Temple (0/1) D:4           Sewer (visited)

Altars:
Ashenzari
Cheibriados
Hepliaklqana
Kikubaaqudgha
Ru
Sif Muna
Vehumet

Shops:
D:7 ?


Innate Abilities, Weirdness & Mutations

You have a pair of horns on your head.
You reflexively headbutt those who attack you in melee.


Message History

You feel strong-willed. Dowan gestures at you while chanting.
The stone arrow hits you but does no damage.
Dowan drinks a potion.
Dowan seems to grow stronger.
You closely miss Dowan. Dowan casts a spell at you. The stone arrow misses you.
You closely miss Dowan. You headbutt Dowan, but do no damage.
Dowan hits you but does no damage. x2
You barely miss Dowan. Dowan hits you but does no damage.
You barely miss Dowan.
Dowan breathes, "And she was my only..."
Dowan barely misses you. You furiously retaliate!
You headbutt Dowan! Dowan hits you but does no damage.
You barely miss Dowan. You headbutt Dowan, but do no damage.
Your punch misses Dowan.
Dowan is moderately wounded.
Dowan hits you with a +0 dagger.
You closely miss Dowan.
Dowan is moderately wounded.
Dowan hits you but does no damage. x2
You completely miss Dowan. You headbutt Dowan!
Dowan is severely wounded.
Dowan closely misses you. You furiously retaliate!
You headbutt Dowan!
You kill Dowan!
Trog accepts your kill.
Trog appreciates your killing of a magic user.
Your Dodging skill increases to level 7!
C - a scroll of identify
B - 14 stones (gained 6)
Items here: )))))) [ †††.
D - 2 boomerangs
Items here: )))) [[[ †.
You feel the effects of Trog's Hand fading.
Your skin stops crawling.
You feel less strong-willed.
There is an entrance to Xurafilei's Magic Scroll Boutique here.
As you read the scroll of identify, it crumbles to dust.
v - a scroll of vulnerability You have 430 gold pieces.
Are you sure you want to abandon this character and quit the game? (Confirm with "yes".)

.......)##...##.#..##....
.......).....#..##.#..###
....#####............###.
.......>..........#....#.
.......##...†..)..#.##.#.
##...##.........).#.[).
#........##.#..#)...#)
###..........)).))..))
#..@....#..###.#..)#
#............).#....
#...###.....########
.....# ###.... ##.#..#
#... §§§#.# #.... §#§#.##
. §


There were no monsters in sight!

Vanquished Creatures
  Joseph (D:7)
  A gargoyle (D:6)
  A kobold demonologist (D:6)
  A wraith (D:6)
  Duvessa (D:7)
  A water moccasin (D:7)
  A sky beast (D:6)
  A black bear (D:7)
  2 ice beasts
  7 ogres
  3 centaurs
  2 phantoms (D:6)
  3 scorpions
  2 gnoll sergeants (D:7)
  A bullfrog (D:7)
  Dowan (D:7)
  4 killer bees
  2 howler monkeys
  A crimson imp (D:5)
  3 orc priests
  6 jellies
  A hound (D:6)
  Ijyb (D:5)
  2 iguanas
  2 orc wizards
  Robin (D:4)
  10 gnolls
  13 adders
  5 river rats
  A shadow imp (D:7)
  2 white imps (D:5)
  An ufetubus (D:7)
  A worm (D:5)
  2 dart slugs
  13 orcs
  5 bats
  13 endoplasms
  7 giant cockroaches
  12 goblins
  7 hobgoblins
  4 jackals (D:4)
  2 quokkas
  4 ball pythons
  8 frilled lizards
  6 kobolds
  4 rats
  A spectral kobold (D:4)
173 creatures vanquished.

Vanquished Creatures (collateral kills)
  A gnoll sergeant (D:5)
  4 gnolls (D:5)
5 creatures vanquished.

Vanquished Creatures (others)
  9 fungi (D:7)
9 creatures vanquished.

Grand Total: 187 creatures vanquished

Notes
Turn   | Place    | Note
-------+----------+-------------------------------------------
     0 | D:1      | mtoz the Minotaur Berserker began the quest for the Orb.
     0 | D:1      | Reached XP level 1. HP: 19/19 MP: 0/0
   160 | D:1      | Reached XP level 2. HP: 17/27 MP: 1/1
   692 | D:1      | Reached skill level 4 in Axes
   734 | D:1      | Found a faded altar of an unknown god.
  1025 | D:2      | Reached XP level 3. HP: 33/33 MP: 2/2
  1593 | D:3      | Found a sacrificial altar of Ru.
  1779 | D:3      | Reached ** piety under Trog
  1780 | D:3      | Reached XP level 4. HP: 41/41 MP: 3/3
  1947 | D:3      | Found a broken altar of Ashenzari.
  2150 | D:4      | Found a staircase to the Ecumenical Temple.
  2238 | D:4      | Noticed Robin
  2249 | D:4      | Killed Robin
  2262 | D:4      | Noticed an ogre
  2345 | D:4      | Killed an ogre
  2346 | D:4      | Reached skill level 5 in Axes
  2346 | D:4      | Reached skill level 1 in Throwing
  2346 | D:4      | Reached XP level 5. HP: 10/47 MP: 1/4
  2648 | D:4      | Found a hazy altar of Hepliaklqana.
  3160 | D:5      | Entered Level 5 of the Dungeon
  3186 | D:5      | Reached XP level 6. HP: 46/55 MP: 5/5
  3239 | D:5      | Found a glowing drain.
  3244 | Sewer    | Entered a sewer
  3264 | Sewer    | Reached skill level 5 in Fighting
  3373 | Sewer    | Reached *** piety under Trog
  3589 | Sewer    | Found a viscous altar of Jiyva.
  4100 | D:5      | Reached skill level 6 in Axes
  4100 | D:5      | Reached XP level 7. HP: 55/61 MP: 3/6
  4276 | D:5      | Noticed Ijyb
  4301 | D:5      | Killed Ijyb
  4440 | D:5      | Reached skill level 5 in Armour
  4527 | D:5      | Reached skill level 7 in Axes
  4638 | D:5      | Reached XP level 8. HP: 56/70 MP: 7/7
  4751 | D:5      | Found an ancient bone altar of Kikubaaqudgha.
  5028 | D:5      | Reached skill level 5 in Dodging
  5144 | D:6      | Found a snail-covered altar of Cheibriados.
  5227 | D:6      | Reached skill level 8 in Axes
  5533 | D:6      | Found a transporter.
  5533 | D:6      | Noticed a kobold demonologist
  5534 | D:6      | Found a radiant altar of Vehumet.
  5534 | D:6      | Noticed a gargoyle
  5535 | D:6      | Found a shimmering blue altar of Sif Muna.
  5537 | D:6      | Found a transporter.
  6132 | D:6      | Reached XP level 9. HP: 78/78 MP: 5/8
  6136 | D:6      | Reached skill level 9 in Axes
  6138 | D:6      | Killed a kobold demonologist
  6143 | D:6      | Killed a gargoyle
  6501 | D:7      | Reached skill level 10 in Axes
  6597 | D:7      | Reached skill level 5 in Throwing
  6666 | D:7      | Noticed Joseph
  6677 | D:7      | Killed Joseph
  6697 | D:7      | Found Xurafilei's Magic Scroll Boutique.
  6719 | D:7      | Reached XP level 10. HP: 77/88 MP: 7/9
  6734 | D:7      | Noticed Duvessa
  6743 | D:7      | Noticed Dowan
  6745 | D:7      | Killed Duvessa
  6754 | D:7      | Killed Dowan
  6782 | D:7      | Quit the game

Illustrated notes

Levels and vault maps discovered:
D:1:      evilmike_arrival_plus, layout_basic,
          shapermc_ecumenical_altar_pompeii, chequers_decorated_corner
D:2:      layout_rooms
D:3:      layout_loops_cross, ashenzari_conservatory_becter, lemuel_round_altar
D:4:      layout_basic, nicolae_hepliaklqana_monster_ancestors,
          minmay_temple_entry_slanted, uniq_robin
D:5:      layout_cave_pools, kennysheep_mini_moat, lightli_sewer_entry_pipes,
          minmay_fire_ice_demons, uniq_ijyb
D:6:      layout_basic, kennysheep_slug_shrine, gammafunk_temple_overflow_arena,
          nicolae_figureground_pulse
D:7:      layout_rooms, mainiacjoe_overflow_alcove_4,
          grunt_dithmenos_smoke_and_mirrors, serial_shops, shop, uniq_joseph,
          uniq_duvessa

Skill      XL: |  1  2  3  4  5  6  7  8  9 10 |
---------------+-------------------------------+-----
Fighting       | 4 5 6 8 |  8.1
Axes           | 4 5 6 7 8 10 | 10.7
Armour         | 3 4 5 6 7 |  7.8
Dodging        | 3 4 5 6 7 |  7.0
Throwing       | 1 2 3 4 5 |  5.4

Action                   |  1- 3 |  4- 6 |  7- 9 | 10-12 || total
-------------------------+-------+-------+-------+-------++-------
Melee: Hand axe          |    60 |   152 |   136 |       ||   348
       Headbutt          |     6 |    19 |    40 |     6 ||    71
       Punch             |       |     1 |     1 |       ||     2
       War axe           |       |       |    85 |    25 ||   110
Throw: Stone             |       |       |    29 |       ||    29
       Dart              |       |       |    11 |       ||    11
Invok: Berserk           |     2 |     2 |     4 |       ||     8
       Trog's Hand       |       |     4 |     5 |     1 ||    10
  Use: Potion            |     2 |       |     9 |       ||    11
       Scroll            |     2 |       |     7 |     1 ||    10
Armor: Animal skin       |     1 |       |       |       ||     1
       Chain mail        |     5 |       |       |       ||     5
       Plate armour      |    31 |   114 |   197 |    22 ||   364
Dodge: Dodged            |    34 |    57 |   111 |    10 ||   212
